 Dungeon Sprint DCSS version 0.26.1-12-g5ba1501909 (webtiles) character file.

Game seed: 7641441762597455276

107 CoveEight the Thaumaturge (level 4, -6/24 HPs)
             Began as a Deep Elf Fire Elementalist on Oct 21, 2021.
             Mangled by Sigmund
             ... wielding a +8 vorpal scythe
              (7 damage)
             ... in the Dungeon (Sprint I: "Red Sonja").
             The game lasted 00:01:10 (467 turns).

CoveEight the Thaumaturge (DEFE)                     Turns: 467, Time: 00:01:11

Health: -6/24      AC:  2    Str:  5    XL:     4   Next: 56%
Magic:  20/20      EV: 13    Int: 21    God:
Gold:   54         SH:  0    Dex: 15    Spells: 16/27 levels left

rFire    . . .     SeeInvis .   (no weapon)
rCold    . . .     Faith    .   (no shield)
rNeg     . . .     Spirit   .   a - +0 robe
rPois    .         Reflect  .   (no helmet)
rElec    .         Harm     .   (no cloak)
rCorr    .         Rampage  .   (no gloves)
Will     .....     NoTele   +   (no boots)
Stlth    +.........             (no amulet)
HPRegen  0.08/turn              (no ring)
MPRegen  0.17/turn              (no ring)

@: confused
A: no striking features
a: no special abilities


You were in the Dungeon.
You visited 1 branch You collected 54 gold pieces.

Inventory:

Armour
 a - a +0 robe (worn)
Scrolls
 h - a scroll of blinking
Potions
 c - a potion of curing
 d - a potion of heal wounds
 e - a potion of haste
 f - 2 potions of magic


   Skills:
 - Level 2.4 Dodging
 - Level 2.4 Stealth
 + Level 12.0 Spellcasting
 - Level 1.1 Conjurations
 - Level 3.2 Fire Magic


You had 16 spell levels left.
You knew the following spells:

 Your Spells              Type           Power        Failure   Level
a - Foxfire               Conj/Fire      84%          2%          1
b - Inner Flame           Hex/Fire       19%          9%          3
c - Conjure Flame         Conj/Fire      21%          6%          3
d - Sticky Flame          Conj/Fire      21%          22%         4

Your spell library contained the following spells:

 Spells                   Type           Power        Failure   Level
 Fireball                 Conj/Fire      10%          52%         5


Dungeon Overview and Level Annotations

Branches:
Dungeon (1/1)

Altars:

Annotations:
D Sigmund


Message History

Confirm with . or Enter, or press ? or * to list all spells.
The spell is quite dangerous to cast (6% risk of failure)!
Continue anyway?
Okay, then.
Casting: Conjure Flame (quite dangerous; 6% risk of failure)
Confirm with . or Enter, or press ? or * to list all spells.
You can't see any susceptible monsters within range! (Use Z to cast anyway.)
There is an open door here.
Sigmund gestures at you while chanting.
You are confused.
You're too confused to cast spells.
You barely miss Sigmund.
Sigmund casts a spell at himself.
Sigmund flickers and vanishes!
Deactivating autopickup; reactivate with Ctrl-A.
Something hits you!
Ouch! That really hurt!
* * * LOW HITPOINT WARNING * * *
x2
There is an open door, spattered with blood here.
You bump into the rock wall.
Something hits you!
You die...

#############
#<.#.['..#.{+
#..').#..@..#
#..#####'####
#..# #..#
#..# ####
#..# #⌠⌠#
####


There were no monsters in sight!

Vanquished Creatures
  An ogre (D)
  Ijyb (D)
2 creatures vanquished.

Vanquished Creatures (others)
  5 foxfires (D)
5 creatures vanquished.

Grand Total: 7 creatures vanquished

Notes
Turn   | Place    | Note
-------+----------+-------------------------------------------
     0 | D        | CoveEight the Deep Elf Fire Elementalist began the quest
                  | for the Orb.
     0 | D        | Reached XP level 1. HP: 10/10 MP: 6/6
     2 | D        | Noticed Ijyb
    24 | D        | Killed Ijyb
    25 | D        | Reached skill level 8 in Spellcasting
    25 | D        | Reached XP level 2. HP: 15/15 MP: 7/13
   351 | D        | Noticed an ogre
   359 | D        | Killed an ogre
   360 | D        | Reached skill level 12 in Spellcasting
   360 | D        | Reached XP level 3. HP: 19/19 MP: 10/18
   360 | D        | Reached XP level 4. HP: 24/24 MP: 11/20
   438 | D        | Learned a level 4 spell: Sticky Flame
   442 | D        | Learned a level 3 spell: Conjure Flame
   446 | D        | Learned a level 3 spell: Inner Flame
   462 | D        | Noticed Sigmund
   466 | D        | HP: 1/24 [something (6)]
   467 | D        | Mangled by Sigmund

Illustrated notes

Levels and vault maps discovered:
D:        dungeon_sprint_1 [red_sonja_temple_1, red_sonja_temple_small_1]

Skill      XL: |  1  2 |
---------------+-------+-----
Spellcasting   | 8 12 | 12.0
Dodging        | |  2.4
Stealth        | |  2.4
Conjurations   | |  1.1
Fire Magic     | |  3.2

Action                   |  1- 3 |  4- 6 || total
-------------------------+-------+-------++-------
Melee: Unarmed           |    19 |     1 ||    20
 Cast: Foxfire           |     4 |       ||     4
  Use: Potion            |     1 |       ||     1
Dodge: Dodged            |     9 |       ||     9
